 Dungeon Crawl Stone Soup version 0.25-a0-547-g27a0b5d1ef (console) character file.

Game seed: 3102363465989011208, levelgen mode: deterministic

1607 utis the Ducker (level 8, -13/49 HPs)
             Began as a Tengu Arcane Marksman on Feb 22, 2020.
             Killed from afar by Maggie (29 damage)
             ... with a bolt of fire
             ... on level 6 of the Dungeon.
             The game lasted 00:26:16 (8906 turns).

utis the Ducker (Tengu Arcane Marksman)             Turns: 8906, Time: 00:26:16

Health: -13/49     AC:  4    Str: 11    XL:     8   Next: 95%
Magic:  10/10      EV: 18    Int: 15    God:
Gold:   279        SH:  0    Dex: 15    Spells: 3/9 levels left

rFire    . . .     SeeInvis .   a - +4 spear
rCold    . . .     Gourm    .   (no shield)
rNeg     . . .     Faith    .   j - +0 leather armour
rPois    .         Spirit   .   (helmet restricted)
rElec    .         Reflect  .   q - +0 cloak
rCorr    .         Harm     .   (no gloves)
MR       .....                  (boots unavailable)
Stlth    +.........             (no amulet)
HPRegen  0.16/turn              Z - ring of wizardry
MPRegen  0.12/turn              Y - +3 ring of slaying

@: flying quickly and evasively, lightly drained, quick
A: beak, talons 3, able to fly
a: Stop Flying


You were on level 6 of the Dungeon.
You were not hungry.

You visited 2 branches of the dungeon, and saw 7 of its levels.

You collected 279 gold pieces.

Inventory:

Hand Weapons
 a - a +4 spear (weapon)
 b - a +0 hunting sling
 h - a +0 club
 l - a +0 flail
 o - a +0 short sword
 t - a +0 halberd
 w - a +1 shortbow
Missiles
 c - 128 stones (quivered)
 d - 110 arrows
 v - 37 sling bullets
 y - 8 poisoned darts
Armour
 e - a +0 robe
 j - a +0 leather armour (worn)
 q - a +0 cloak (worn)
Jewellery
 Y - a +3 ring of slaying (right hand)
 Z - a ring of wizardry (left hand)
Wands
 A - a wand of random effects (15)
Scrolls
 g - 2 scrolls of remove curse {@r2}
 i - a scroll of enchant armour {unknown}
 p - 6 scrolls of identify {@r1}
Potions
 m - 3 potions of flight
 r - a potion of brilliance
 x - a potion of haste {@q3}
 z - a potion of invisibility
 B - a potion of curing {@q1}
Comestibles
 f - 15 rations {@e1}


   Skills:
 + Level 5.3(5.2) Fighting
 + Level 6.1 Bows
 + Level 6.2(6.1) Dodging
 - Level 1.0(0.9) Spellcasting
 - Level 5.0 Hexes


You had 3 spell levels left.
You knew the following spells:

 Your Spells              Type           Power        Failure   Level  Hunger
a - Corona                Hex            ###....      1%          1    ##.....
o - Portal Projectile     Hex/Tloc       #.....       14%         3    ####...
w - Slow                  Hex            ###.....     2%          2    ###....

Your spell library contained the following spells:

 Spells                   Type           Power        Failure   Level  Hunger
 Inner Flame              Hex/Fire       #.......     14%         3    ####...
 Cause Fear               Hex            ###.......   16%         4    #####..
 Leda's Liquefaction      Hex/Erth       #.........   41%         4    #####..


Dungeon Overview and Level Annotations

Branches:
Dungeon (6/15)             Temple (1/1) D:5

Altars:
Dithmenos
Gozag
Okawaru
Qazlal
Xom

Annotations:
D:6 Maggie


Innate Abilities, Weirdness & Mutations

You have a beak for a mouth.
You have claws for feet.
You can fly continuously.


Message History

Maggie misses you.
The bullfrog skeleton barely misses you.
You cannot move away from Maggie!
You cannot move away from Maggie!
You cannot move away from Maggie!
Okay, then.
You cannot move away from Maggie!
You cannot move away from Maggie!
You hit Maggie. You claw Maggie.
Maggie is moderately wounded.
Your surroundings suddenly seem different.
You break out of your daze!
Unknown command.
You start resting.
The wight is too close now for your liking.
Maggie shouts!
Maggie casts a spell at you. The bolt of fire hits you!!
Ouch! That really hurt!
You die...

..........░░.
.....░░........ ..░
.....░░░..@░░.. ..░
......░........░░..
...........░......░
..░░^.......░.....░
..░░........░░....░
.░░░░...>...░░....░
.░..........░░░oQ░░
.....@o...........░
...░░Z............░
...░░............░░
......░.....░░..░░
...░..░░░░.░░..z.░
...░░...░░.░░..░░░
░░.░░..........░
░.............░░


You could see Maggie, a wight and an orc.

Vanquished Creatures
  Grinder (D:3)
  Eustachio (D:6)
  An ice beast (D:6)
  2 ogres (D:5)
  A bullfrog (D:6)
  3 scorpions
  3 wights
  A howler monkey (D:3)
  3 crimson imps
  A jelly (D:5)
  2 hounds
  3 bullfrog skeletons
  An iguana (D:5)
  2 worker ants (D:5)
  A hound skeleton (D:4)
  3 gnolls (D:5)
  13 adders
  A shadow imp (D:4)
  An ooze (D:2)
  A worm zombie (D:5)
  An adder skeleton (D:5)
  An adder zombie (D:5)
  2 worms (D:2)
  5 dart slugs
  4 leopard geckos
  6 orcs
  2 ball pythons
  5 giant cockroaches
  4 goblins
  8 hobgoblins
  17 jackals
  2 quokkas (D:2)
  10 bats
  4 frilled lizards
  A gnoll zombie (D:5)
  A jackal skeleton (D:4)
  6 kobolds
  A quokka skeleton (D:4)
  5 rats
130 creatures vanquished.

Notes
Turn   | Place    | Note
-------+----------+-------------------------------------------
     0 | D:1      | utis the Tengu Arcane Marksman began the quest for the Orb.
     0 | D:1      | Reached XP level 1. HP: 12/12 MP: 3/3
   487 | D:1      | Reached XP level 2. HP: 16/16 MP: 4/4
   902 | D:1      | ..
  1382 | D:2      | Reached XP level 3. HP: 21/21 MP: 5/5
  1866 | D:2      | Reached XP level 4. HP: 26/26 MP: 6/6
  1915 | D:2      | Learned a level 2 spell: Slow
  2999 | D:2      | Gained mutation: You can fly continuously. [Tengu growth]
  2999 | D:2      | Reached XP level 5. HP: 31/31 MP: 7/7
  3828 | D:3      | Noticed Grinder
  3874 | D:3      | Paralysed by Grinder for 3 turns
  3882 | D:3      | Paralysed by Grinder for 7 turns
  3898 | D:3      | Killed Grinder
  3898 | D:3      | Reached XP level 6. HP: 24/38 MP: 8/8
  4018 | D:3      | Learned a level 3 spell: Portal Projectile
  4328 | D:3      | Found an opulent altar of Gozag.
  4331 | D:3      | Found a stormy altar of Qazlal.
  4331 | D:3      | Found a shimmering altar of Xom.
  4607 | D:3      | Found a shadowy altar of Dithmenos.
  4657 | D:4      | Reached skill level 5 in Dodging
  4657 | D:4      | Reached XP level 7. HP: 24/43 MP: 7/9
  5111 | D:4      | Reached skill level 5 in Bows
  6262 | D:4      | oooh
  6287 | D:5      | Entered Level 5 of the Dungeon
  6622 | D:5      | Reached XP level 8. HP: 40/48 MP: 3/10
  6656 | D:5      | Found a staircase to the Ecumenical Temple.
  6768 | Temple   | Entered the Ecumenical Temple
  7563 | D:5      | Reached skill level 5 in Hexes
  7589 | D:5      | Found an iron altar of Okawaru.
  8246 | D:6      | Noticed Eustachio
  8385 | D:6      | Killed Eustachio
  8639 | D:6      | Reached skill level 5 in Fighting
  8843 | D:6      | Noticed Maggie
  8906 | D:6      | Killed from afar by Maggie

Levels and vault maps discovered:
D:1:      lightli_arrival_boilingwater, layout_basic, palyth_stone_intersect,
          minmay_pentomino_x4
D:2:      layout_rooms, serial_bayou_pond_e, minmay_crystal_water,
          minmay_between
D:3:      layout_rooms, nicolae_overflow_hidden_temple, first_ration,
          minmay_misc_feat_enclosed, corexii_item_surrounded_by_moat,
          uniq_grinder
D:4:      layout_loops_ring, hangedman_decor_lopped
D:5:      layout_loops_ring, minmay_temple_entry_wispy, enter_ossuary_3,
          chequers_serial_rivers_micro_b, okawaru_metal_pillars_1_2
D:6:      layout_cave_pools, serial_shops, shop_statue, minivault_4, trog_book,
          uniq_eustachio, uniq_maggie
Temple:   eino_temple_scatter_basement

Skill      XL: |  1  2  3  4  5  6  7  8 |
---------------+-------------------------+-----
Fighting       | 2 3 4 5 |  5.3
Bows           | 3 4 5 6 |  6.1
Dodging        | 3 4 5 6 |  6.2
Hexes          | 4 5 |  5.0
Spellcasting   | |  1.0

Action                   |  1- 3 |  4- 6 |  7- 9 || total
-------------------------+-------+-------+-------++-------
Melee: Unarmed           |    12 |       |       ||    12
       Club              |     8 |       |       ||     8
       Kick              |    12 |    14 |    43 ||    69
       Peck              |     3 |    10 |    27 ||    40
       Short sword       |    26 |    67 |   115 ||   208
       Spear             |       |       |    49 ||    49
 Fire: Hunting sling     |    67 |    67 |    27 ||   161
       Shortbow          |     3 |   119 |   115 ||   237
Throw: Stone             |     6 |     1 |       ||     7
 Cast: Corona            |     5 |     8 |     2 ||    15
       Slow              |       |    10 |    43 ||    53
 Abil: Fly               |       |     1 |       ||     1
  Use: Scroll            |     3 |     6 |     4 ||    13
       Potion            |       |     4 |     3 ||     7
 Stab: Sleeping          |       |     1 |       ||     1
  Eat: Chunk             |     3 |    10 |    13 ||    26
       Ration            |       |       |     1 ||     1
Armor: Robe              |     3 |       |       ||     3
       Leather armour    |    17 |    32 |    29 ||    78
       Skin              |       |     7 |       ||     7
Dodge: Dodged            |    57 |   125 |   184 ||   366

Table legend:
 A = Non-vault XP
 B = Vault XP
 C = Vault XP percentage of total XP
 D = Non-vault monster count
 E = Vault monster count
 F = Vault count percentage of total count
                 A         B        C        D         E       F
            +---------+---------+-------+---------+---------+-------
      Total |    1800 |     496 |  21.6 |     118 |      12 |   9.2
            +---------+---------+-------+---------+---------+-------
        D:1 |      24 |       9 |  27.3 |      14 |       4 |  22.2
        D:2 |     160 |       9 |   5.3 |      43 |       4 |   8.5
        D:3 |     110 |     286 |  72.2 |      11 |       1 |   8.3
        D:4 |     383 |       0 |   0.0 |      22 |       0 |   0.0
        D:5 |     746 |       7 |   0.9 |      23 |       2 |   8.0
        D:6 |     377 |     185 |  32.9 |       5 |       1 |  16.7
            +---------+---------+-------+---------+---------+-------
